Connexion

Condors vs Devils

Created - 21 octobre 2023 at 06:02

Goals
1 2 3 T
Condors 0 0 1 1
Devils 2 0 0 2
Shots
1 2 3 T
Condors 16 11 14 41
Devils 11 9 6 26

GoalsPenalties
1st period
1. Devils , Doyle Somerby 2 (Mackenzie MacEachern 6, Kirill Maksimov 5) at 6:27
2. Devils , Spencer Foo 4 (Paul Byron 12, Dalton Thrower 9) at 11:37
No Penalty
2nd period
No Goal
Zach Sanford (BIN) for Hooking (Minor) at 12:23
3rd period
3. Condors , Matt Filipe 16 (Anthony Camara 18, Mike Callahan 14) at 2:10 (PP)
Doyle Somerby (BIN) for Hooking (Minor) at 1:51
Doyle Somerby (BIN) for Hooking (Minor) at 7:12
Anthony Camara (BAK) for Roughing (Minor) at 7:12
Connor Bunnaman (BAK) for Roughing (Minor) at 11:23
Marc Staal (BIN) for Roughing (Minor) at 18:09
Goalie Stats
Kyle Keyser (BAK), 24 saves from 26 shots - (0,923), L, 13-12-1, 59:15 minutes
Carey Price (BIN), 40 saves from 41 shots - (0,976), W, 11-6-2, 60:00 minutes
3 StarsOfficial
1 - Carey Price (BIN)
2 - Spencer Foo (BIN)
3 - Dalton Thrower (BIN)
Referees : Chris Rooney and Eric Furlatt
Linesman : Mark Pare and Pierre Champoux
Game Note
Paul Byron is injured at 8:46 of 3rd period (Strained Back)
Finance
Level 1 -- Attendance: 2000 (100,00%) -- Ticket Income 60 000 $
Level 2 -- Attendance: 929 (92,90%) -- Ticket Income 18 580 $
Total Attendance: 2929 (97,63%)
Total Ticket Income: 78 580 $
Other Income: 15 716 $
Total Income: 94 296 $



Team Name Goals Shots Shots Attemp Shots Blocked PIM HIT PP PK FO%
Condors 1417274181 / 3 (33%)042%
Devils 22650118230 / 1 (0%)158%

Condors
Player Name POS G A P +/- PIM HIT SHT SB MP PP MP PP SHT PK MP PK SHT FO% FOT
Anthony CamaraLW/RW0110226014:372:0110:0000% 1
Brady Brassart C/RW0000005019:582:0110:00067% 3
Brett PollockLW/RW000-1034020:161:5800:1800% 0
Connor BunnamanC/LW000-1216121:021:5820:0000% 1
Jonathan AngC000-1001022:112:0700:59053% 32
Joseph MasoniusD0000001017:511:4401:0200% 0
Marc McNultyD0000020221:542:0900:5500% 0
Marcus DavidssonC/LW/RW000-1007016:110:0900:3200% 0
Marcus VelaC000-1054016:430:0900:22019% 16
Matt FilipeC/LW1010003016:582:0121:11045% 20
Matteo GennaroC/LW000-1021116:060:0000:3600% 0
Michael BrodzinskiD000-2000020:020:4000:2000% 0
Mike CallahanD0110011221:432:0900:4100% 0
Nick SorensenRW000000005:590:0000:0000% 1
Pascal LabergeC/LW/RW000000000:000:0000:0000% 0
Seth BartonD000-2011021:161:1510:3800% 0
Tate OlsonD0000010117:140:1900:2200% 0
Taylor CammarataC/LW000000105:590:0000:0000% 0
Devils
Player Name POS G A P +/- PIM HIT SHT SB MP PP MP PP SHT PK MP PK SHT FO% FOT
Cal ClutterbuckLW/RW0000020016:260:0000:0000% 0
Carl DahlstromD0000030316:110:0000:5800% 0
Carsen FochtC0000001020:040:4412:54039% 28
Cole CasselsC000000309:120:0400:00067% 9
Dalton ThrowerD0112020219:550:4401:2700% 0
Doyle SomerbyD1012412219:060:4811:4100% 0
Eric RobinsonLW0000000010:070:0000:0000% 0
Kirill MaksimovRW0111023012:211:1500:0000% 1
Mackenzie MacEachernLW0111011013:240:4800:3500% 1
Marc StaalD0000250024:091:1101:2300% 0
Noel HofenmayerD0000000015:400:0400:3800% 0
Paul ByronC/LW/RW0111020115:240:0001:24093% 14
Pavel GogolevLW0001006018:131:1101:08050% 2
Ryan MurphyD0000020324:561:1102:0900% 0
Samuel HoudeC0001013014:081:1100:32063% 16
Spencer FooRW1011013017:170:4400:0000% 0
Stefan FournierLW/RW000001009:080:0000:0000% 0
Zach SanfordLW0000204018:080:0001:43067% 3



Play-by-Play

1st period


0:01 of 1st period - Jonathan Ang wins face-off versus Carsen Focht in neutral zone.
0:14 of 1st period - Shot by Brett Pollock.
0:14 of 1st period - Stopped by Carey Price without a rebound.
0:15 of 1st period - Paul Byron wins face-off versus Matt Filipe in Devils zone.
1:11 of 1st period - Icing by Tate Olson.
1:12 of 1st period - Carsen Focht wins face-off versus Marcus Vela in Condors zone.
1:39 of 1st period - Shot by Marcus Davidsson.
1:39 of 1st period - Stopped by Carey Price with a rebound.
1:41 of 1st period - Shot by Marcus Davidsson.
1:41 of 1st period - Stopped by Carey Price without a rebound.
1:42 of 1st period - Samuel Houde wins face-off versus Jonathan Ang in Devils zone.
1:55 of 1st period - Shot by Mackenzie MacEachern.
1:55 of 1st period - Shot Misses the Net.
2:01 of 1st period - Shot by Samuel Houde.
2:01 of 1st period - Shot Blocked by Connor Bunnaman.
2:03 of 1st period - Shot by Carl Dahlstrom.
2:03 of 1st period - Shot Misses the Net.
2:09 of 1st period - Shot by Samuel Houde.
2:09 of 1st period - Stopped by Kyle Keyser without a rebound.
2:10 of 1st period - Cole Cassels wins face-off versus Nick Sorensen in Condors zone.
2:20 of 1st period - Icing by Ryan Murphy.
2:21 of 1st period - Cole Cassels wins face-off versus Matt Filipe in Devils zone.
2:56 of 1st period - Icing by Marc Staal.
2:57 of 1st period - Jonathan Ang wins face-off versus Cole Cassels in Devils zone.
2:57 of 1st period - Jonathan Ang is hit by Marc Staal.
3:05 of 1st period - Shot by Cole Cassels.
3:05 of 1st period - Stopped by Kyle Keyser without a rebound.
3:06 of 1st period - Jonathan Ang wins face-off versus Carsen Focht in Condors zone.
3:30 of 1st period - Icing by Brett Pollock.
3:31 of 1st period - Samuel Houde wins face-off versus Jonathan Ang in Condors zone.
4:06 of 1st period - Michael Brodzinski is hit by Samuel Houde and loses puck.
4:25 of 1st period - Icing by Ryan Murphy.
4:26 of 1st period - Carsen Focht wins face-off versus Marcus Vela in Devils zone.
4:31 of 1st period - Shot by Marcus Vela.
4:31 of 1st period - Stopped by Carey Price without a rebound.
4:32 of 1st period - Paul Byron wins face-off versus Marcus Vela in Devils zone.
4:57 of 1st period - Shot by Marcus Davidsson.
4:57 of 1st period - Stopped by Carey Price with a rebound.
5:07 of 1st period - Shot by Matteo Gennaro.
5:07 of 1st period - Stopped by Carey Price with a rebound.
5:09 of 1st period - Shot by Marcus Vela.
5:09 of 1st period - Shot Misses the Net.
5:34 of 1st period - Shot by Zach Sanford.
5:34 of 1st period - Stopped by Kyle Keyser without a rebound.
5:35 of 1st period - Carsen Focht wins face-off versus Matt Filipe in Condors zone.
5:36 of 1st period - Shot by Zach Sanford.
5:36 of 1st period - Shot Misses the Net.
5:53 of 1st period - Shot by Anthony Camara.
5:53 of 1st period - Shot Blocked by Carl Dahlstrom.
5:57 of 1st period - Shot by Matt Filipe.
5:57 of 1st period - Shot Blocked by Carl Dahlstrom.
5:59 of 1st period - Shot by Brady Brassart .
5:59 of 1st period - Stopped by Carey Price without a rebound.
6:00 of 1st period - Jonathan Ang wins face-off versus Samuel Houde in Devils zone.
6:05 of 1st period - Shot by Connor Bunnaman.
6:05 of 1st period - Shot Blocked by Doyle Somerby.
6:25 of 1st period - Shot by Mackenzie MacEachern.
6:25 of 1st period - Stopped by Kyle Keyser with a rebound.
6:27 of 1st period - Shot by Doyle Somerby.
6:27 of 1st period - Goal by Doyle Somerby - Condors : 0 - Devils : 1.
6:28 of 1st period - Zach Sanford wins face-off versus Matt Filipe in neutral zone.
6:53 of 1st period - Shot by Zach Sanford.
6:53 of 1st period - Stopped by Kyle Keyser with a rebound.
7:39 of 1st period - Icing by Joseph Masonius.
7:40 of 1st period - Cole Cassels wins face-off versus Jonathan Ang in Condors zone.
8:29 of 1st period - Shot by Marcus Davidsson.
8:29 of 1st period - Stopped by Carey Price without a rebound.
8:30 of 1st period - Paul Byron wins face-off versus Brady Brassart in Devils zone.
9:00 of 1st period - Shot by Brady Brassart .
9:00 of 1st period - Shot Blocked by Dalton Thrower.
9:22 of 1st period - Shot by Marcus Davidsson.
9:22 of 1st period - Shot Misses the Net.
9:24 of 1st period - Shot by Marcus Vela.
9:24 of 1st period - Shot Misses the Net.
9:26 of 1st period - Shot by Marcus Vela.
9:26 of 1st period - Stopped by Carey Price without a rebound.
9:27 of 1st period - Jonathan Ang wins face-off versus Carsen Focht in Devils zone.
11:12 of 1st period - Shot by Anthony Camara.
11:12 of 1st period - Shot Misses the Net.
11:16 of 1st period - Shot by Anthony Camara.
11:16 of 1st period - Stopped by Carey Price without a rebound.
11:17 of 1st period - Paul Byron wins face-off versus Marcus Vela in Devils zone.
11:35 of 1st period - Shot by Spencer Foo.
11:35 of 1st period - Shot Misses the Net.
11:37 of 1st period - Shot by Spencer Foo.
11:37 of 1st period - Goal by Spencer Foo - Condors : 0 - Devils : 2.
11:38 of 1st period - Matt Filipe wins face-off versus Carsen Focht in neutral zone.
11:49 of 1st period - Matt Filipe is hit by Marc Staal and loses puck.
11:52 of 1st period - Shot by Matt Filipe.
11:52 of 1st period - Deflect By Anthony Camara.
11:52 of 1st period - Stopped by Carey Price without a rebound.
11:53 of 1st period - Pavel Gogolev wins face-off versus Marcus Vela in Devils zone.
12:18 of 1st period - Shot by Marcus Davidsson.
12:18 of 1st period - Shot Blocked by Dalton Thrower.
12:20 of 1st period - Shot by Marcus Davidsson.
12:20 of 1st period - Stopped by Carey Price without a rebound.
12:21 of 1st period - Matt Filipe wins face-off versus Carsen Focht in Devils zone.
12:38 of 1st period - Shot by Brady Brassart .
12:38 of 1st period - Stopped by Carey Price without a rebound.
12:39 of 1st period - Samuel Houde wins face-off versus Jonathan Ang in Devils zone.
12:47 of 1st period - Connor Bunnaman is hit by Carl Dahlstrom and loses puck.
12:53 of 1st period - Jonathan Ang is hit by Carl Dahlstrom and loses puck.
12:56 of 1st period - Shot by Connor Bunnaman.
12:56 of 1st period - Stopped by Carey Price without a rebound.
12:57 of 1st period - Carsen Focht wins face-off versus Matt Filipe in Devils zone.
13:09 of 1st period - Cal Clutterbuck is hit by Marc McNulty and loses puck.
13:21 of 1st period - Anthony Camara is hit by Marc Staal and loses puck.
14:07 of 1st period - Shot by Paul Byron.
14:07 of 1st period - Deflect By Pavel Gogolev.
14:07 of 1st period - Stopped by Kyle Keyser with a rebound.
14:09 of 1st period - Shot by Dalton Thrower.
14:09 of 1st period - Shot Blocked by Mike Callahan.
14:11 of 1st period - Shot by Pavel Gogolev.
14:11 of 1st period - Stopped by Kyle Keyser without a rebound.
14:12 of 1st period - Jonathan Ang wins face-off versus Samuel Houde in Condors zone.
14:33 of 1st period - Shot by Brett Pollock.
14:33 of 1st period - Stopped by Carey Price with a rebound.
14:35 of 1st period - Shot by Connor Bunnaman.
14:35 of 1st period - Stopped by Carey Price without a rebound.
14:36 of 1st period - Paul Byron wins face-off versus Marcus Vela in Devils zone.
14:51 of 1st period - Shot by Spencer Foo.
14:51 of 1st period - Deflect By Paul Byron.
14:51 of 1st period - Shot Misses the Net.
14:53 of 1st period - Shot by Spencer Foo.
14:53 of 1st period - Shot Misses the Net.
14:55 of 1st period - Shot by Pavel Gogolev.
14:55 of 1st period - Stopped by Kyle Keyser without a rebound.
14:56 of 1st period - Jonathan Ang wins face-off versus Carsen Focht in Condors zone.
15:16 of 1st period - Connor Bunnaman is hit by Cal Clutterbuck and loses puck.
15:34 of 1st period - Shot by Seth Barton.
15:34 of 1st period - Shot Misses the Net.
15:37 of 1st period - Icing by Marc Staal.
15:38 of 1st period - Marcus Vela wins face-off versus Carsen Focht in Devils zone.
15:50 of 1st period - Joseph Masonius is hit by Ryan Murphy and loses puck.
15:58 of 1st period - Tate Olson is hit by Marc Staal and loses puck.
16:23 of 1st period - Dalton Thrower is hit by Marcus Vela and loses puck.
16:57 of 1st period - Off-side.
16:58 of 1st period - Cole Cassels wins face-off versus Jonathan Ang in neutral zone.
17:15 of 1st period - Shot by Stefan Fournier.
17:15 of 1st period - Shot Misses the Net.
18:20 of 1st period - Mackenzie MacEachern is hit by Marc McNulty.
18:26 of 1st period - Shot by Kirill Maksimov.
18:26 of 1st period - Stopped by Kyle Keyser without a rebound.
18:27 of 1st period - Carsen Focht wins face-off versus Marcus Vela in Condors zone.
19:11 of 1st period - Icing by Zach Sanford.
19:12 of 1st period - Jonathan Ang wins face-off versus Carsen Focht in Devils zone.
Goals for this period are 0 for Condors vs 2 for Devils.
Shots for this period are 16 for Condors vs 11 for Devils.

2nd period


0:01 of 2nd period - Matt Filipe wins face-off versus Carsen Focht in neutral zone.
0:24 of 2nd period - Shot by Matt Filipe.
0:24 of 2nd period - Stopped by Carey Price without a rebound.
0:25 of 2nd period - Jonathan Ang wins face-off versus Paul Byron in Devils zone.
0:41 of 2nd period - Icing by Dalton Thrower.
0:42 of 2nd period - Paul Byron wins face-off versus Marcus Vela in Devils zone.
0:42 of 2nd period - Paul Byron is hit by Matteo Gennaro.
1:02 of 2nd period - Shot by Matteo Gennaro.
1:02 of 2nd period - Shot Misses the Net.
1:04 of 2nd period - Shot by Marcus Vela.
1:04 of 2nd period - Stopped by Carey Price without a rebound.
1:05 of 2nd period - Brady Brassart wins face-off versus Carsen Focht in Devils zone.
2:04 of 2nd period - Mike Callahan is hit by Ryan Murphy and loses puck.
2:11 of 2nd period - Shot by Brett Pollock.
2:11 of 2nd period - Stopped by Carey Price without a rebound.
2:12 of 2nd period - Samuel Houde wins face-off versus Marcus Vela in Devils zone.
2:12 of 2nd period - Mackenzie MacEachern is hit by Marcus Vela and loses puck.
2:21 of 2nd period - Icing by Joseph Masonius.
2:22 of 2nd period - Paul Byron wins face-off versus Marcus Vela in Condors zone.
2:23 of 2nd period - Shot by Doyle Somerby.
2:23 of 2nd period - Deflect By Spencer Foo.
2:23 of 2nd period - Shot Misses the Net.
2:25 of 2nd period - Shot by Paul Byron.
2:25 of 2nd period - Shot Hit the Post.
2:27 of 2nd period - Shot by Pavel Gogolev.
2:27 of 2nd period - Stopped by Kyle Keyser with a rebound.
2:29 of 2nd period - Shot by Dalton Thrower.
2:29 of 2nd period - Shot Blocked by Matteo Gennaro.
2:45 of 2nd period - Shot by Pavel Gogolev.
2:45 of 2nd period - Stopped by Kyle Keyser without a rebound.
2:46 of 2nd period - Matt Filipe wins face-off versus Kirill Maksimov in Condors zone.
2:46 of 2nd period - Matt Filipe is hit by Kirill Maksimov.
2:57 of 2nd period - Icing by Carl Dahlstrom.
2:58 of 2nd period - Jonathan Ang wins face-off versus Samuel Houde in Devils zone.
3:01 of 2nd period - Shot by Connor Bunnaman.
3:01 of 2nd period - Shot Misses the Net.
4:04 of 2nd period - Shot by Anthony Camara.
4:04 of 2nd period - Stopped by Carey Price with a rebound.
4:06 of 2nd period - Shot by Anthony Camara.
4:06 of 2nd period - Stopped by Carey Price without a rebound.
4:07 of 2nd period - Paul Byron wins face-off versus Marcus Vela in Devils zone.
4:14 of 2nd period - Shot by Pavel Gogolev.
4:14 of 2nd period - Stopped by Kyle Keyser with a rebound.
4:16 of 2nd period - Shot by Dalton Thrower.
4:16 of 2nd period - Shot Blocked by Tate Olson.
5:06 of 2nd period - Icing by Matteo Gennaro.
5:07 of 2nd period - Marcus Vela wins face-off versus Cole Cassels in Condors zone.
5:07 of 2nd period - Marcus Vela is hit by Stefan Fournier.
5:36 of 2nd period - Shot by Anthony Camara.
5:36 of 2nd period - Shot Hit the Post.
6:34 of 2nd period - Shot by Connor Bunnaman.
6:34 of 2nd period - Stopped by Carey Price with a rebound.
6:36 of 2nd period - Shot by Connor Bunnaman.
6:36 of 2nd period - Stopped by Carey Price with a rebound.
6:48 of 2nd period - Ryan Murphy is hit by Brett Pollock and loses puck.
7:14 of 2nd period - Mike Callahan is hit by Doyle Somerby and loses puck.
7:20 of 2nd period - Nick Sorensen is hit by Dalton Thrower and loses puck.
7:54 of 2nd period - Shot by Marcus Vela.
7:54 of 2nd period - Shot Misses the Net.
7:56 of 2nd period - Shot by Tate Olson.
7:56 of 2nd period - Deflect By Marcus Davidsson.
7:56 of 2nd period - Shot Misses the Net.
8:12 of 2nd period - Shot by Matt Filipe.
8:12 of 2nd period - Deflect By Anthony Camara.
8:12 of 2nd period - Stopped by Carey Price without a rebound.
8:13 of 2nd period - Samuel Houde wins face-off versus Jonathan Ang in Devils zone.
8:13 of 2nd period - Samuel Houde is hit by Brett Pollock.
8:26 of 2nd period - Shot by Kirill Maksimov.
8:26 of 2nd period - Stopped by Kyle Keyser with a rebound.
10:02 of 2nd period - Marcus Vela is hit by Cal Clutterbuck and loses puck.
11:27 of 2nd period - Michael Brodzinski is hit by Paul Byron and loses puck.
11:58 of 2nd period - Shot by Samuel Houde.
11:58 of 2nd period - Stopped by Kyle Keyser without a rebound.
11:59 of 2nd period - Marcus Vela wins face-off versus Carsen Focht in Condors zone.
12:23 of 2nd period - Minor Penalty to Zach Sanford for Hooking.
12:24 of 2nd period - Carsen Focht wins face-off versus Anthony Camara in Devils zone.
12:44 of 2nd period - Shot by Marc McNulty.
12:44 of 2nd period - Shot Blocked by Ryan Murphy.
12:46 of 2nd period - Shot by Brady Brassart .
12:46 of 2nd period - Shot Misses the Net.
12:48 of 2nd period - Shot by Brady Brassart .
12:48 of 2nd period - Stopped by Carey Price without a rebound.
12:49 of 2nd period - Carsen Focht wins face-off versus Matt Filipe in Devils zone.
13:00 of 2nd period - Paul Byron is hit by Anthony Camara and loses puck.
13:05 of 2nd period - Shot by Anthony Camara.
13:05 of 2nd period - Deflect By Matt Filipe.
13:05 of 2nd period - Stopped by Carey Price without a rebound.
13:06 of 2nd period - Paul Byron wins face-off versus Jonathan Ang in Devils zone.
15:01 of 2nd period - Carl Dahlstrom is hit by Marcus Vela and loses puck.
15:55 of 2nd period - Shot by Kirill Maksimov.
15:55 of 2nd period - Deflect By Samuel Houde.
15:55 of 2nd period - Shot Misses the Net.
15:57 of 2nd period - Shot by Samuel Houde.
15:57 of 2nd period - Shot Blocked by Marc McNulty.
15:59 of 2nd period - Shot by Marc Staal.
15:59 of 2nd period - Deflect By Mackenzie MacEachern.
15:59 of 2nd period - Shot Misses the Net.
16:01 of 2nd period - Shot by Mackenzie MacEachern.
16:01 of 2nd period - Shot Blocked by Mike Callahan.
16:03 of 2nd period - Shot by Samuel Houde.
16:03 of 2nd period - Stopped by Kyle Keyser without a rebound.
16:04 of 2nd period - Paul Byron wins face-off versus Jonathan Ang in Condors zone.
16:09 of 2nd period - Shot by Spencer Foo.
16:09 of 2nd period - Stopped by Kyle Keyser without a rebound.
16:10 of 2nd period - Paul Byron wins face-off versus Jonathan Ang in Condors zone.
16:30 of 2nd period - Jonathan Ang is hit by Dalton Thrower and loses puck.
16:37 of 2nd period - Connor Bunnaman is hit by Paul Byron and loses puck.
16:44 of 2nd period - Paul Byron is hit by Connor Bunnaman and loses puck.
16:48 of 2nd period - Icing by Doyle Somerby.
16:49 of 2nd period - Paul Byron wins face-off versus Marcus Vela in Devils zone.
16:49 of 2nd period - Paul Byron is hit by Matteo Gennaro.
17:19 of 2nd period - Shot by Zach Sanford.
17:19 of 2nd period - Stopped by Kyle Keyser without a rebound.
17:20 of 2nd period - Samuel Houde wins face-off versus Matt Filipe in Condors zone.
17:25 of 2nd period - Shot by Samuel Houde.
17:25 of 2nd period - Shot Misses the Net.
18:38 of 2nd period - Shot by Marcus Davidsson.
18:38 of 2nd period - Shot Misses the Net.
18:40 of 2nd period - Shot by Michael Brodzinski.
18:40 of 2nd period - Shot Misses the Net.
18:42 of 2nd period - Shot by Matteo Gennaro.
18:42 of 2nd period - Shot Misses the Net.
18:44 of 2nd period - Shot by Matteo Gennaro.
18:44 of 2nd period - Deflect By Marcus Davidsson.
18:44 of 2nd period - Stopped by Carey Price without a rebound.
18:45 of 2nd period - Carsen Focht wins face-off versus Marcus Vela in Devils zone.
18:50 of 2nd period - Shot by Matteo Gennaro.
18:50 of 2nd period - Deflect By Marcus Davidsson.
18:50 of 2nd period - Shot Misses the Net.
19:44 of 2nd period - Shot by Spencer Foo.
19:44 of 2nd period - Stopped by Kyle Keyser without a rebound.
19:45 of 2nd period - Cole Cassels wins face-off versus Matt Filipe in Condors zone.
19:45 of 2nd period - Noel Hofenmayer is hit by Mike Callahan and loses puck.
19:57 of 2nd period - Matt Filipe is hit by Carl Dahlstrom and loses puck.
Goals for this period are 0 for Condors vs 0 for Devils.
Shots for this period are 11 for Condors vs 9 for Devils.

3rd period


0:01 of 3rd period - Matt Filipe wins face-off versus Carsen Focht in neutral zone.
0:26 of 3rd period - Shot by Brady Brassart .
0:26 of 3rd period - Stopped by Carey Price with a rebound.
1:51 of 3rd period - Minor Penalty to Doyle Somerby for Hooking.
1:52 of 3rd period - Carsen Focht wins face-off versus Matt Filipe in Devils zone.
1:58 of 3rd period - Icing by Marc McNulty.
1:59 of 3rd period - Matt Filipe wins face-off versus Carsen Focht in Condors zone.
2:10 of 3rd period - Shot by Matt Filipe.
2:10 of 3rd period - Goal by Matt Filipe - Condors : 1 - Devils : 2.
2:11 of 3rd period - Samuel Houde wins face-off versus Jonathan Ang in neutral zone.
4:36 of 3rd period - Shot by Brett Pollock.
4:36 of 3rd period - Shot Misses the Net.
4:38 of 3rd period - Shot by Brett Pollock.
4:38 of 3rd period - Stopped by Carey Price without a rebound.
4:39 of 3rd period - Brady Brassart wins face-off versus Cole Cassels in Devils zone.
4:57 of 3rd period - Shot by Cole Cassels.
4:57 of 3rd period - Shot Blocked by Marc McNulty.
5:11 of 3rd period - Shot by Cole Cassels.
5:11 of 3rd period - Stopped by Kyle Keyser without a rebound.
5:12 of 3rd period - Paul Byron wins face-off versus Jonathan Ang in Condors zone.
5:17 of 3rd period - Shot by Pavel Gogolev.
5:17 of 3rd period - Shot Misses the Net.
5:32 of 3rd period - Shot by Connor Bunnaman.
5:32 of 3rd period - Shot Misses the Net.
6:09 of 3rd period - Spencer Foo is hit by Marcus Vela and loses puck.
6:36 of 3rd period - Zach Sanford is hit by Marcus Vela and loses puck.
6:49 of 3rd period - Shot by Zach Sanford.
6:49 of 3rd period - Stopped by Kyle Keyser without a rebound.
6:50 of 3rd period - Samuel Houde wins face-off versus Matt Filipe in Condors zone.
6:51 of 3rd period - Shot by Mackenzie MacEachern.
6:51 of 3rd period - Shot Misses the Net.
6:53 of 3rd period - Shot by Dalton Thrower.
6:53 of 3rd period - Shot Misses the Net.
6:55 of 3rd period - Shot by Mackenzie MacEachern.
6:55 of 3rd period - Deflect By Kirill Maksimov.
6:55 of 3rd period - Stopped by Kyle Keyser without a rebound.
6:56 of 3rd period - Matt Filipe wins face-off versus Samuel Houde in Condors zone.
6:56 of 3rd period - Matt Filipe is hit by Kirill Maksimov.
7:04 of 3rd period - Shot by Brady Brassart .
7:04 of 3rd period - Stopped by Carey Price without a rebound.
7:05 of 3rd period - Carsen Focht wins face-off versus Jonathan Ang in Devils zone.
7:07 of 3rd period - Icing by Dalton Thrower.
7:08 of 3rd period - Matt Filipe wins face-off versus Carsen Focht in Devils zone.
7:12 of 3rd period - Minor Penalty to Doyle Somerby for Hooking.
7:12 of 3rd period - Minor Penalty to Anthony Camara for Roughing.
7:13 of 3rd period - Samuel Houde wins face-off versus Connor Bunnaman in Devils zone.
7:15 of 3rd period - Icing by Spencer Foo.
7:16 of 3rd period - Jonathan Ang wins face-off versus Samuel Houde in Devils zone.
7:23 of 3rd period - Shot by Jonathan Ang.
7:23 of 3rd period - Stopped by Carey Price with a rebound.
7:35 of 3rd period - Shot by Mike Callahan.
7:35 of 3rd period - Shot Misses the Net.
7:37 of 3rd period - Shot by Jonathan Ang.
7:37 of 3rd period - Shot Blocked by Ryan Murphy.
7:39 of 3rd period - Shot by Mike Callahan.
7:39 of 3rd period - Shot Blocked by Ryan Murphy.
7:41 of 3rd period - Shot by Mike Callahan.
7:41 of 3rd period - Stopped by Carey Price with a rebound.
8:46 of 3rd period - Shot by Jonathan Ang.
8:46 of 3rd period - Shot Blocked by Paul Byron.
8:46 of 3rd period - Paul Byron from Devils is injured at 8:46 of 3rd period (Strained Back).
8:47 of 3rd period - Samuel Houde wins face-off versus Jonathan Ang in Devils zone.
10:13 of 3rd period - Shot by Cole Cassels.
10:13 of 3rd period - Stopped by Kyle Keyser with a rebound.
11:23 of 3rd period - Minor Penalty to Connor Bunnaman for Roughing.
11:24 of 3rd period - Jonathan Ang wins face-off versus Pavel Gogolev in Condors zone.
12:06 of 3rd period - Shot by Spencer Foo.
12:06 of 3rd period - Shot Misses the Net.
12:08 of 3rd period - Shot by Carsen Focht.
12:08 of 3rd period - Stopped by Kyle Keyser with a rebound.
12:10 of 3rd period - Shot by Doyle Somerby.
12:10 of 3rd period - Stopped by Kyle Keyser without a rebound.
12:11 of 3rd period - Jonathan Ang wins face-off versus Mackenzie MacEachern in Condors zone.
12:37 of 3rd period - Mike Callahan is hit by Spencer Foo and loses puck.
13:14 of 3rd period - Shot by Pavel Gogolev.
13:14 of 3rd period - Shot Misses the Net.
13:39 of 3rd period - Cole Cassels is hit by Tate Olson.
14:00 of 3rd period - Icing by Noel Hofenmayer.
14:01 of 3rd period - Cole Cassels wins face-off versus Jonathan Ang in Devils zone.
14:01 of 3rd period - Cole Cassels is hit by Brett Pollock.
14:27 of 3rd period - Shot by Connor Bunnaman.
14:27 of 3rd period - Shot Blocked by Carl Dahlstrom.
14:29 of 3rd period - Shot by Brett Pollock.
14:29 of 3rd period - Deflect By Connor Bunnaman.
14:29 of 3rd period - Shot Hit the Post.
14:45 of 3rd period - Shot by Joseph Masonius.
14:45 of 3rd period - Stopped by Carey Price with a rebound.
14:47 of 3rd period - Shot by Marcus Davidsson.
14:47 of 3rd period - Stopped by Carey Price with a rebound.
14:55 of 3rd period - Shot by Matteo Gennaro.
14:55 of 3rd period - Deflect By Marcus Vela.
14:55 of 3rd period - Stopped by Carey Price without a rebound.
14:56 of 3rd period - Carsen Focht wins face-off versus Matt Filipe in Devils zone.
15:14 of 3rd period - Ryan Murphy is hit by Seth Barton and loses puck.
15:44 of 3rd period - Zach Sanford is hit by Anthony Camara and loses puck.
16:10 of 3rd period - Icing by Seth Barton.
16:11 of 3rd period - Matt Filipe wins face-off versus Samuel Houde in Condors zone.
16:52 of 3rd period - Jonathan Ang is hit by Mackenzie MacEachern and loses puck.
17:56 of 3rd period - Matt Filipe is hit by Marc Staal and loses puck.
18:09 of 3rd period - Shot by Taylor Cammarata.
18:09 of 3rd period - Stopped by Carey Price without a rebound.
18:09 of 3rd period - Minor Penalty to Marc Staal for Roughing.
18:10 of 3rd period - Jonathan Ang wins face-off versus Carsen Focht in Devils zone.
18:19 of 3rd period - Shot by Connor Bunnaman.
18:19 of 3rd period - Stopped by Carey Price without a rebound.
18:20 of 3rd period - Zach Sanford wins face-off versus Jonathan Ang in Devils zone.
19:15 of 3rd period - Condors, Kyle Keyser is pulled from the net.
19:19 of 3rd period - Shot by Anthony Camara.
19:19 of 3rd period - Stopped by Carey Price without a rebound.
19:20 of 3rd period - Jonathan Ang wins face-off versus Carsen Focht in Devils zone.
19:21 of 3rd period - Shot by Connor Bunnaman.
19:21 of 3rd period - Stopped by Carey Price without a rebound.
19:22 of 3rd period - Jonathan Ang wins face-off versus Carsen Focht in Devils zone.
19:23 of 3rd period - Shot by Seth Barton.
19:23 of 3rd period - Stopped by Carey Price without a rebound.
19:24 of 3rd period - Jonathan Ang wins face-off versus Zach Sanford in Devils zone.
19:29 of 3rd period - Shot by Seth Barton.
19:29 of 3rd period - Shot Blocked by Doyle Somerby.
19:31 of 3rd period - Shot by Connor Bunnaman.
19:31 of 3rd period - Shot Misses the Net.
Goals for this period are 1 for Condors vs 0 for Devils.
Shots for this period are 14 for Condors vs 6 for Devils.